 Dungeon Crawl Stone Soup version 0.31-a0-1237-gabc64e778c (webtiles) character file.

Game seed: 15951567445007445823

54 mandarbmax the Cutter (level 3, 0/20 HPs)
             Began as a Vine Stalker Monk on Dec 16, 2023.
             Slain by a gnoll
             ... wielding a +0 spear
              (4 damage)
             ... on level 2 of the Dungeon.
             The game lasted 00:02:44 (777 turns).

mandarbmax the Cutter (Vine Stalker Monk)            Turns: 777, Time: 00:02:44

Health: 0/20       AC:  3    Str: 13    XL:     3   Next: 91%
Magic:  0/4        EV: 13    Int: 10    God:
Gold:   10         SH:  0    Dex: 18    Spells: 2/2 levels left

rFire   . . .        a - +0 short sword
rCold   . . .        d - orb {light}
rNeg    . . .        b - +0 robe
rPois   .            (no helmet)
rElec   .            (no cloak)
rCorr   .            h - +0 pair of gloves
SInv    .            (no boots)
Will    .....        (no amulet)
Stlth   +            (no ring)
HPRegen 1.03/turn    (no ring)
MPRegen 0.09/turn

%: guardian spirit
@: glowing
A: fangs 2, regeneration 1, magic shield, antimagic bite, no potion heal 2
a: no special abilities


You were on level 2 of the Dungeon.
You visited 1 branch of the dungeon, and saw 2 of its levels.

You collected 10 gold pieces.

Inventory:

Hand Weapons
 a - a +0 short sword (weapon)
Armour
 b - a +0 robe (worn)
 d - an orb of light (worn)
 h - a +0 pair of gloves (worn)
Jewellery
 i - a ring of flight
Scrolls
 e - a scroll of identify {unknown}
 g - 3 scrolls of revelation {unknown}
 k - a scroll of enchant armour {unknown}
 l - a scroll of immolation {unknown}
 m - a scroll of acquirement {unknown}
 n - a scroll of vulnerability {unknown}
Potions
 c - a potion of ambrosia
 f - 2 potions of mutation {unknown}
 o - a potion of enlightenment {unknown}


   Skills:
 - Level 3.0 Fighting
 * Level 3.6 Short Blades
 + Level 2.9 Dodging


You had 2 spell levels left.
You didn't know any spells.
Your spell library contained the following spells:

 Spells                   Type           Power      Damage    Failure   Level
 Sublimation of Blood     Necr           0%         N/A       50%         2
 Petrify                  Tmut/Erth      0%         N/A       98%         4
 Irradiate                Conj/Tmut      0%         3d11      100%        5


Dungeon Overview and Level Annotations

Branches:
Dungeon (2/15)

Altars:

Shops:
D:1 =*

Annotations:
D:2 Sigmund


Innate Abilities, Weirdness & Mutations

You have extremely sharp teeth.
Your natural rate of healing is unusually fast.
When hurt, damage is shared between your health and your magic reserves.
Your bite disrupts and absorbs the magic of your enemies.
Potions cannot restore your health.


Message History

Aim: a gnoll, wielding a +0 spear (lightly wounded, very poisoned, haloed, 82% to hit)
You throw a poisoned dart. The poisoned dart hits the gnoll.
The gnoll is lightly wounded.
The gnoll hits you from afar with a +0 spear.
Throw: dart (poison)
Press: ? - help, Q - select action Shift-Dir - straight line, f/p - gnoll
Aim: a gnoll, wielding a +0 spear (lightly wounded, very poisoned, haloed, 82% to hit)
You throw a poisoned dart. The poisoned dart hits the gnoll.
The gnoll looks even sicker.
The gnoll is lightly wounded.
The gnoll hits you but does no damage.
Unknown command.
Unknown command.
The gnoll closely misses you.
You see here a +0 whip.
You hit the gnoll. You bite the gnoll. You drain its power.
You feel invigorated.
The gnoll is severely wounded.
A worm comes into view.
The gnoll hits you with a +0 spear.
You hit the gnoll. You bite the gnoll, but do no damage.
The gnoll is almost dead.
You hit the gnoll.
You kill the gnoll!
You barely miss the rat. You bite the rat.
You kill the rat!
You hit the gnoll.
The gnoll is moderately wounded.
The gnoll hits you with a +0 flail of holy wrath!
The gnoll hits you from afar with a +0 spear.
You barely miss the gnoll. You bite the gnoll, but do no damage.
The gnoll is moderately wounded.
The gnoll hits you with a +0 flail of holy wrath!
* * * LOW HITPOINT WARNING * * *
The gnoll hits you but does no damage.
You barely miss the gnoll.
The gnoll is moderately wounded.
The gnoll hits you but does no damage.
The gnoll hits you from afar with a +0 spear.
You die...

#.# #.# #.# #.#
##.########
#.####..........
#.........#####.
#.####...##
##@## # #g# #.
#g# #. #'# #.###
w.. ###...####
..... #....<...#
.......
#.###.##.#
.........
#.....#
..........'
.........@


You could see a worm and 2 gnolls.

Vanquished Creatures
  2 gnolls (D:2)
  A dart slug (D:1)
  A bat (D:2)
  3 endoplasms
  3 goblins (D:1)
  A hobgoblin (D:2)
  10 jackals
  A kobold (D:1)
  2 frilled lizards (D:1)
  6 rats
30 creatures vanquished.

Notes
Turn   | Place    | Note
-------+----------+-------------------------------------------
     0 | D:1      | mandarbmax the Vine Stalker Monk began the quest for the
                  | Orb.
     0 | D:1      | Reached XP level 1. HP: 11/11 MP: 2/2
    47 | D:1      | Found Xira's One-of-a-Kind Rings.
    51 | D:1      | Reached XP level 2. HP: 15/16 MP: 3/3
    93 | D:1      | Found a faded altar of an unknown god.
   416 | D:1      | Found Zickolom's Assorted Antiques.
   517 | D:2      | Noticed Sigmund
   551 | D:2      | Reached XP level 3. HP: 17/19 MP: 2/4
   777 | D:2      | Slain by a gnoll

Illustrated notes

Levels and vault maps discovered:
D:1:      erik_arrival_blinker_ship, layout_rooms, shapermc_ecumenical_altar_gd,
          serial_shops, nicolae_shop_real_fake_doors, amcnicky_mini_pool_small,
          nicolae_shop_unique_rings
D:2:      layout_loops_corners, uniq_terence, uniq_sigmund

Skill      XL: |  1  2  3 |
---------------+----------+-----
Short Blades   | 3 |  3.6
Fighting       | 3 |  3.0
Dodging        | |  2.9

Action                     || total
---------------------------++-------
  Melee: Short sword       ||    72
         Bite              ||    28
  Throw: Dart              ||     5
 Armour: Robe              ||    45
  Dodge: Dodged            ||    42

Table legend: (Time is in decaauts)
 A = Elapsed time spent in this place.
 B = Non-inter-level travel time spent in this place.
 C = Inter-level travel time spent in this place.
 D = Time resting spent in this place.
 E = Time spent auto-exploring this place.
 F = Levels seen in this place.
 G = Mean time per level.
                   A        B        C        D        E       F      G
               +--------+--------+--------+--------+--------+-----+--------+
         Total |    766 |    734 |     32 |      0 |    565 |   2 |  383.0 |
       Dungeon |    766 |    734 |     32 |      0 |    565 |   2 |  383.0 |
               +--------+--------+--------+--------+--------+-----+--------+

Top non-repeatable levels by time:
     D:1: 536 daAuts
     D:2: 229 daAuts
